 Dungeon Crawl Stone Soup version 0.25.1-2-g60ff931df9 (webtiles) character file.

Game seed: 13365904439005563906

1351 Araneus the Slicer (level 8, -3/50 HPs)
             Began as an Octopode Assassin on Sept 10, 2020.
             Slain by a troll (14 damage)
             ... on level 7 of the Dungeon.
             The game lasted 00:21:33 (7619 turns).

Araneus the Slicer (Octopode Assassin)              Turns: 7619, Time: 00:21:34

Health: -3/50      AC:  1    Str: 11    XL:     8   Next: 63%
Magic:  11/11      EV: 14    Int: 13    God:
Gold:   425        SH:  0    Dex: 21    Spells: 7/7 levels left

rFire    + . .     SeeInvis .   a - +3 dagger
rCold    + . .     Gourm    .   (no shield)
rNeg     . . .     Faith    .   (helmet restricted)
rPois    .         Spirit   .   (no amulet)
rElec    .         Reflect  .   e - ring of protection from cold
rCorr    .         Harm     .   t - ring of stealth
MR       .....                  g - ring of protection from cold
Stlth    ++++++....             x - +6 ring of dexterity
HPRegen  0.16/turn              y - ring of fire
MPRegen  0.12/turn              (no ring)
                                (no ring)
                                (no ring)

@: lightly drained
A: almost no armour, stealthy swim, amphibious, 8 rings, constrict 8, camouflage
1, gelatinous body 1
a: no special abilities


You were on level 7 of the Dungeon.
You were not hungry.

You visited 2 branches of the dungeon, and saw 8 of its levels.

You collected 425 gold pieces.

Inventory:

Hand Weapons
 a - a +3 dagger (weapon)
Missiles
 b - 21 poisoned darts (quivered)
 c - 2 curare-tipped darts
Armour
 r - a +0 kite shield
Jewellery
 e - a ring of protection from cold (left tentacle)
 g - a ring of protection from cold (on tentacle)
 t - a ring of stealth (right tentacle)
 x - a +6 ring of dexterity (on tentacle)
 y - a ring of fire (on tentacle)
Wands
 p - a wand of paralysis (14)
 z - a wand of iceblast (9)
Scrolls
 h - 3 scrolls of teleportation
 j - 4 scrolls of fog
 l - 3 scrolls of enchant armour {unknown}
 s - 2 scrolls of magic mapping {unknown}
 u - a scroll of amnesia {unknown}
 v - a scroll of remove curse {unknown}
 w - a scroll of fear {unknown}
 A - a scroll of enchant weapon
 D - a scroll of blinking {unknown}
 G - 3 scrolls of immolation {unknown}
Potions
 f - 2 potions of resistance
 k - a potion of stabbing {unknown}
 m - a potion of invisibility
 n - 3 potions of lignification
 o - 2 potions of might
 q - 3 potions of curing {unknown}
 B - a potion of flight {unknown}
Comestibles
 d - 7 rations
 E - a chunk of flesh


   Skills:
 - Level 2.0(1.9) Fighting
 + Level 9.0(8.9) Short Blades
 - Level 2.0(1.9) Throwing
 + Level 2.1 Dodging
 - Level 7.0(6.9) Stealth
 - Level 4.0(3.9) Evocations


You had 7 spell levels left.
You didn't know any spells.
Your spell library was empty.

Dungeon Overview and Level Annotations

Branches:
Dungeon (7/15)             Temple (1/1) D:6

Altars:
Ashenzari
Cheibriados
Dithmenos
Elyvilon
Fedhas
Gozag
Kikubaaqudgha
Makhleb
Okawaru
Qazlal
Ru
Sif Muna
Trog
Uskayaw
Vehumet
Wu Jian
Xom
Yredelemnul
Zin
The Shining One

Shops:
D:4 }


Innate Abilities, Weirdness & Mutations

You cannot wear most types of armour.
You are very stealthy in the water. (Stealth+)
You are amphibious.
You can wear up to eight rings at the same time.
You can use your tentacles to constrict eight enemies at once.
Your skin changes colour to match your surroundings (Stealth+).
Your rubbery body absorbs attacks. (AC +1, EV +1)


Message History

A troll comes into view.
The troll shouts!
The troll bites you!! The troll misses you. The troll claws you!
You are too injured to fight recklessly!
Evoke which item? (* to show all) (? for menu, Esc to quit)
Aiming: Paralyse
Press: ? - help, Shift-Dir - straight line, f - troll
Aim: a troll (chance to defeat MR: 57%)
The troll resists with significant effort.
A crimson imp comes into view.
The troll completely misses you. The troll claws you but does no damage.
The troll claws you!
* * * LOW HITPOINT WARNING * * *
Evoke which item? (* to show all) (? for menu, Esc to quit)
Aiming: Paralyse
Press: ? - help, Shift-Dir - straight line, f/p - troll
Aim: a troll (chance to defeat MR: 57%)
The troll resists with significant effort.
The troll bites you!
You die...

#.##.#.#(.........#
#..#.#................
##.#.#.#.....##.#.5...
#...#.#........#....
##..#.#.#.##.#.#...
#..#.#.#.# .#.#5# .
#..#.#.#.# .... ...
########.####.##.....
#...@T........
#.####.##..... ### #.#
#.# #.. ##P####PPPP
#.# #.# #......._PP
#.# #.# #.P####PPPP
#.. ..# #.## #.# #.#
#.### #. ### ....#


You could see a troll and a crimson imp.

Vanquished Creatures
  An ogre (D:4)
  A phantom (D:6)
  A centaur (D:6)
  2 bullfrogs
  2 scorpions
  2 howler monkeys
  A wight (D:6)
  2 crimson imps
  A hound (D:7)
  3 orc priests
  2 orc wizards
  An iguana (D:6)
  3 worker ants
  A hound zombie (D:6)
  A worker ant zombie (D:7)
  Robin (D:4)
  4 gnolls (D:6)
  19 adders
  2 shadow imps
  An ooze (D:4)
  2 adder skeletons
  An adder zombie (D:6)
  3 worms
  3 dart slugs
  5 leopard geckos
  15 orcs
  4 giant cockroaches
  17 goblins
  10 hobgoblins
  10 jackals
  9 kobolds
  4 quokkas
  4 ball pythons
  7 bats
  5 frilled lizards
  10 rats
160 creatures vanquished.

Notes
Turn   | Place    | Note
-------+----------+-------------------------------------------
     0 | D:1      | Araneus the Octopode Assassin began the quest for the Orb.
     0 | D:1      | Reached XP level 1. HP: 14/14 MP: 1/1
   140 | D:1      | Reached XP level 2. HP: 18/19 MP: 2/2
   325 | D:1      | Reached skill level 3 in Short Blades
   391 | D:1      | Reached XP level 3. HP: 23/24 MP: 3/3
  1150 | D:2      | Reached XP level 4. HP: 29/29 MP: 4/4
  2295 | D:3      | Reached XP level 5. HP: 15/34 MP: 5/5
  2526 | D:3      | Reached skill level 4 in Short Blades
  3022 | D:3      | Reached skill level 5 in Short Blades
  3022 | D:3      | Reached XP level 6. HP: 21/39 MP: 6/6
  3702 | D:4      | Reached skill level 1 in Evocations
  3866 | D:4      | Reached skill level 6 in Short Blades
  3869 | D:5      | Entered Level 5 of the Dungeon
  3983 | D:4      | Noticed Robin
  4022 | D:4      | Killed Robin
  4126 | D:4      | Found Bafammuw's Gadget Emporium.
  4138 | D:4      | Reached XP level 7. HP: 43/45 MP: 8/8
  4341 | D:4      | Found a sacrificial altar of Ru.
  4821 | D:5      | Reached skill level 7 in Short Blades
  5665 | D:6      | Reached XP level 8. HP: 15/50 MP: 10/10
  5990 | D:6      | Reached skill level 8 in Short Blades
  6624 | D:6      | Found a staircase to the Ecumenical Temple.
  6637 | Temple   | Entered the Ecumenical Temple
  6914 | D:6      | Found a basalt altar of Yredelemnul.
  7333 | D:7      | Found a blossoming altar of Fedhas.
  7555 | D:7      | Reached skill level 9 in Short Blades
  7610 | D:7      | Noticed a troll
  7619 | D:7      | Slain by a troll

Illustrated notes

Levels and vault maps discovered:
D:1:      saegor_arrival_simple_c, layout_basic, chequers_serial_rivers_small_a
D:2:      layout_basic
D:3:      layout_basic, serial_glass, glass_columns_b, glass_columns_a,
          first_ration
D:4:      layout_loops_ring, serial_shops, shop,
          nicolae_ru_great_annihilating_truth, uniq_robin
D:5:      layout_cave_pods, roderic_filled_cross
D:6:      layout_gridville, yredelemnul_altar_generic,
          minmay_temple_entry_gardened_gates, serial_rivers,
          chequers_serial_rivers_small_a, chequers_serial_rivers_micro_c,
          chequers_serial_rivers_large_b, chequers_serial_rivers_large_a,
          chequers_serial_rivers_small_b, nemelex_lonely_heart_becter
D:7:      layout_basic, fedhas_altar_decomposition, uniq_menkaure
Temple:   hc_temple_tempest_star

Skill      XL: |  1  2  3  4  5  6  7  8 |
---------------+-------------------------+-----
Short Blades   | 3 5 6 7 9 |  9.0
Stealth        | 6 7 |  7.0
Evocations     | 2 3 4 |  4.0
Dodging        | 2 |  2.1
Fighting       | |  2.0
Throwing       | |  2.0

Action                   |  1- 3 |  4- 6 |  7- 9 || total
-------------------------+-------+-------+-------++-------
Melee: Dagger            |    78 |   146 |   148 ||   372
       Constrict         |    14 |    31 |    30 ||    75
       Tentacles         |     6 |    21 |    31 ||    58
Evoke: Wand              |       |     1 |     2 ||     3
  Use: Scroll            |       |     6 |     2 ||     8
       Potion            |       |     2 |       ||     2
 Stab: Sleeping          |    15 |    24 |    14 ||    53
       Paralysed         |       |     1 |     1 ||     2
       Distracted        |       |       |     1 ||     1
  Eat: Chunk             |     1 |     9 |    11 ||    21
Armor: Skin              |     3 |     3 |     5 ||    11
Dodge: Dodged            |    31 |    61 |    56 ||   148
